 Dungeon Crawl Stone Soup version 0.28-a0-653-g7e9dba17c3 (webtiles) character file.

Game seed: 4967262853209509430

5002 lunkers the Thaumaturge (level 10, -21/78 HPs)
             Began as a Djinni Cinder Acolyte on Oct 8, 2021.
             Was a High Priest of Ignis.
             Demolished by Grum (31 damage)
             ... on level 9 of the Dungeon on Oct 11, 2021.
             The game lasted 00:19:56 (14215 turns).

lunkers the Thaumaturge (Djinni Cinder Acolyte)    Turns: 14215, Time: 00:19:57

Health: -21/78     AC:  4    Str: 13    XL:     10   Next: 84%
Gold:   553        EV: 11    Int: 19    God:    Ignis [*****.] SH:  5 Dex: 15

rFire   + + +      SeeInvis .   l - +4 whip (flame)
rCold   x . .      Faith    .   (no shield)
rNeg    . . .      Spirit   .   b - +0 robe
rPois   ∞          Reflect  +   (no helmet)
rElec   .          Harm     .   t - +1 cloak
rCorr   .          Rampage  .   (no gloves)
Will    +....                   (boots unavailable)
Stlth   +.........              e - amulet of reflection
HPRegen 0.23/turn               h - ring of wizardry
MPRegen 0.00/turn               m - +6 ring of dexterity

@: flying
A: sickness immunity, fire resistance 2, cold vulnerability 1, float, innate
caster, hp casting, extra vitality 1
a: Renounce Religion, Sea of Fire, Foxfire Swarm, Rising Flame


You were on level 9 of the Dungeon.
You worshipped Ignis.
Ignis was extremely pleased with you.
You visited 1 branch of the dungeon, and saw 9 of its levels.

You collected 553 gold pieces.

Inventory:

Hand Weapons
 l - a +4 whip of flaming (weapon)
Missiles
 g - 10 curare-tipped darts
 s - 2 throwing nets
Armour
 b - a +0 robe (worn)
 t - a +1 cloak (worn)
Jewellery
 a - a ring of resist corrosion
 e - an amulet of reflection (around neck)
 h - a ring of wizardry (left hand)
 m - a +6 ring of dexterity (right hand)
Wands
 f - a wand of charming (10)
 r - a wand of acid (19)
 v - a wand of digging (7)
 y - a wand of mindburst (12)
 C - a wand of iceblast (13)
 D - a wand of flame (16)
Scrolls
 j - 2 scrolls of magic mapping
 n - 2 scrolls of teleportation
 q - 2 scrolls of blinking
 u - a scroll of brand weapon
Potions
 c - 3 potions of attraction
 d - 3 potions of curing
 i - 2 potions of haste {unknown}
 k - a potion of heal wounds
 o - a potion of flight
 p - a potion of berserk rage {unknown}
 w - 3 potions of brilliance
 x - a potion of mutation
 E - a potion of ambrosia
 F - a potion of resistance {unknown}


   Skills:
 + Level 9.4 Fighting
 - Level 2.6 Short Blades
 * Level 10.0 Spellcasting


You had 18 spell levels left.
You knew the following spells:

 Your Spells              Type           Power      Damage    Failure   Level
a - Poisonous Vapours     Pois/Air       94%        N/A       1%          2
b - Apportation           Tloc           94%        N/A       1%          1
c - Static Discharge      Conj/Air       47%        N/A       1%          2
d - Dispel Undead         Necr           47%        3d18      1%          4
p - Scorch                Fire           94%        2d10      1%          2
Your spell library was empty.

Dungeon Overview and Level Annotations

Branches:
Dungeon (9/15)             Temple (0/1) D:4            Lair (0/6) D:8
    Orc: D:9-12

Altars:
Cheibriados
Elyvilon
Hepliaklqana
Kikubaaqudgha
Nemelex Xobeh
Okawaru
Trog
Vehumet
Yredelemnul
Beogh

Shops:
D:2 [**?(   D:3 [   D:4 (   D:8 *((!

Annotations:
D:9 Grum


Innate Abilities, Weirdness & Mutations

You are immune to sickness and miasma.
You are immune to poison.
Your flesh is very heat resistant. (rF++)
You are vulnerable to cold. (rC-)
You float through the air rather than walking.
You learn spells naturally, not from books.
Your magical power is your life essence.
You have superior vitality. (+4 HP)


Message History

Things that are here:
a +0 dagger; a +0 robe; an orc corpse You see here 23 sling bullets.
HP restored.
Things that are here:
a +0 plate armour; a +2 flail of draining
Found a +0 dagger.
You reach down and open the large door.
Grum the Hunter comes into view.
He is wielding a +1 glaive.
Casting: Static Discharge (safe; 1% risk of failure)
Confirm with . or Enter, or press ? or * to list all spells.
Poisonous vapours surround Grum!
Grum is poisoned.
Grum growls angrily.
Casting: Poisonous Vapours (safe; 1% risk of failure)
Confirm with . or Enter, or press ? or * to list all spells.
Poisonous vapours surround Grum!
Grum looks as sick as possible!
Grum hits you from afar with a +1 glaive!
Casting: Scorch (safe; 1% risk of failure)
Press: ? - help, Q - select action, (/) - cycle Dir - look around, f - activate Flames lash Grum.
Grum is moderately wounded.
Grum's fire resistance burns away.
Grum hits you from afar with a +1 glaive!
* * * LOW HITPOINT WARNING * * *
Unknown command.
Casting: Scorch (safe; 1% risk of failure)
Press: ? - help, Q - select action, (/) - cycle Dir - look around, f - activate Flames lash Grum.
Grum is burned terribly!
Grum is heavily wounded.
* * * LOW HITPOINT WARNING * * *
Grum hits you from afar with a +1 glaive!!
* * * LOW HITPOINT WARNING * * *
Unknown command.
Casting: Scorch (safe; 1% risk of failure)
Press: ? - help, Q - select action, (/) - cycle Dir - look around, f - activate Flames lash Grum.
Grum is burned terribly!
Grum is severely wounded.
* * * LOW HITPOINT WARNING * * *
Grum hits you from afar with a +1 glaive!!
You die...

...........#... ...........
.......# .. ......# #.. #......#
.. #....###...##..#...# .#
###.>>.....##........# ..#
###........#.##........##.#
##.....................#..#
.##...............##....#.##
.##...†.........@####......#
...#..†..........'g.##....##
...####.........)'..##....#
...###....#+++#..####....##..
.........## ##..##..........
.........# #............##
##..#....## ##...............
##..#.##..## ##..............(# .
...#####...###................#..


You could see Grum (extremely poisoned, combustible).

Vanquished Creatures
  A two-headed ogre (D:6)
  A komodo dragon (D:8)
  A wyvern (D:9)
  Eustachio (D:5)
  An orc warrior (D:9)
  2 sky beasts
  A black bear (D:6)
  7 ogres
  A necrophage (D:6)
  4 centaurs
  5 phantoms
  4 bullfrogs
  A scorpion (D:5)
  A water moccasin skeleton (D:5)
  5 wights (D:8)
  6 killer bees (D:7)
  A centaur zombie (D:5)
  A bullfrog skeleton (D:7)
  8 hounds
  A jelly (D:6)
  5 orc priests
  2 gnoll shamans (D:9)
  3 iguanas
  Terence (D:2)
  11 orc wizards
  A hound zombie (D:5)
  A howler monkey zombie (D:6)
  A howler monkey skeleton (D:7)
  9 adders
  16 gnolls
  A shadow imp (D:7)
  An ufetubus (D:7)
  An adder skeleton (D:4)
  3 worms
  A dart slug (D:2)
  30 orcs
  2 bats
  6 endoplasms
  4 giant cockroaches
  9 goblins
  6 hobgoblins
  6 jackals
  9 kobolds
  3 quokkas (D:1)
  10 ball pythons
  4 frilled lizards
  A rat (D:3)
200 creatures vanquished.

Vanquished Creatures (others)
  41 plants (D:8)
41 creatures vanquished.

Grand Total: 241 creatures vanquished

Notes
Turn   | Place    | Note
-------+----------+-------------------------------------------
     0 | D:1      | lunkers the Djinni Cinder Acolyte began the quest for the
                  | Orb.
     0 | D:1      | Reached XP level 1. HP: 20/20 MP: 0/0
   320 | D:1      | Reached XP level 2. HP: 18/25 MP: 0/0
   951 | D:1      | Reached XP level 3. HP: 25/30 MP: 0/0
   951 | D:1      | Learned a level 1 spell: Apportation
   952 | D:1      | Reached skill level 3 in Spellcasting
  1140 | D:1      | Found a faded altar of an unknown god.
  1785 | D:2      | Found Boegefra's Weapon Boutique.
  1969 | D:2      | Found Byquge's Magic Scroll Boutique.
  2124 | D:2      | Reached XP level 4. HP: 33/35 MP: 0/0
  2141 | D:2      | Found Udghahej's Armour Emporium.
  2142 | D:2      | Found Fiubrui's Assorted Antiques.
  2365 | D:2      | Found Xoeqiock's Assorted Antiques.
  2717 | D:2      | Upgraded the game from 0.28-a0-628-g3c9886e45e to
                  | 0.28-a0-653-g7e9dba17c3
  2725 | D:3      | Reached XP level 5. HP: 18/41 MP: 0/0
  2725 | D:3      | Learned a level 2 spell: Poisonous Vapours
  3114 | D:3      | Found Liot's Armour Emporium.
  3116 | D:3      | Noticed Terence
  3195 | D:1      | Reached skill level 4 in Spellcasting
  3443 | D:2      | Killed Terence
  3758 | D:3      | Reached XP level 6. HP: 27/47 MP: 0/0
  4886 | D:4      | Found a staircase to the Ecumenical Temple.
  5310 | D:4      | Found a basalt altar of Yredelemnul.
  5514 | D:4      | Reached XP level 7. HP: 50/53 MP: 0/0
  5514 | D:4      | Learned a level 2 spell: Static Discharge
  6069 | D:4      | Found Alafat's Antique Weapon Shoppe.
  6100 | D:4      | Reached skill level 5 in Spellcasting
  6311 | D:4      | Reached skill level 5 in Fighting
  6871 | D:5      | Entered Level 5 of the Dungeon
  6942 | D:5      | Found a hazy altar of Hepliaklqana.
  7014 | D:5      | Noticed Eustachio
  7026 | D:5      | Killed Eustachio
  7443 | D:5      | Reached XP level 8. HP: 42/60 MP: 0/0
  7638 | D:5      | Reached skill level 6 in Spellcasting
  7801 | D:5      | Found an iron altar of Okawaru.
  8630 | D:6      | Reached skill level 7 in Spellcasting
  8630 | D:6      | Reached XP level 9. HP: 43/67 MP: 0/0
  8630 | D:6      | Learned a level 4 spell: Dispel Undead
  8773 | D:6      | Noticed a two-headed ogre
  8786 | D:6      | Killed a two-headed ogre
  8976 | D:6      | Reached skill level 8 in Spellcasting
  9906 | D:6      | Reached XP level 10. HP: 72/76 MP: 0/0
 10421 | D:7      | Reached skill level 9 in Spellcasting
 11472 | D:8      | Found Etie's Assorted Antiques.
 11577 | D:8      | Found Qigriol's Weapon Boutique.
 11585 | D:8      | Found Cuownuc's Antique Weapon Shoppe.
 11899 | D:8      | Found Giosiqiu's Distillery.
 12148 | D:8      | Found a snail-covered altar of Cheibriados.
 12148 | D:8      | Found a bloodstained altar of Trog.
 12156 | D:8      | Found a white marble altar of Elyvilon.
 12160 | D:8      | Found a sparkling altar of Nemelex Xobeh.
 12317 | D:8      | Noticed a komodo dragon
 12329 | D:8      | Killed a komodo dragon
 12552 | D:8      | Found a staircase to the Lair.
 13984 | D:9      | Reached skill level 10 in Spellcasting
 14210 | D:9      | Noticed Grum
 14215 | D:9      | Demolished by Grum

Illustrated notes

Levels and vault maps discovered:
D:1:      tarquinn_simple_flora_water_b, layout_basic,
          dreamdust_ecumenical_altar_grove, palyth_stone_intersect
D:2:      layout_rooms, serial_shops, shop, shop, nicolae_shop_statue_plus,
          shop, nicolae_shop_temple_entry_statues_fountains
D:3:      layout_rooms, serial_shops, shop, uniq_terence
D:4:      layout_cave_pods, mainiacjoe_overflow_alcove_1,
          minmay_temple_entry_crystal_x, serial_shops, shop_statue,
          kennysheep_orc_chapel
D:5:      minmay_spotlight, layout_basic, okawaru_gym_becter,
          mainiacjoe_overflow_boulevard, minmay_misc_feat_hallway,
          hangedman_decor_slide_cut, uniq_eustachio
D:6:      layout_gridville, nicolae_kikubaaqudgha_miasma_corner, nicolae_sextant
D:7:      layout_rooms
D:8:      layout_loops_ring, chequers_temple_overflow_minitemple,
          david_lair_shrubbed, serial_shops, nicolae_shop_waterfront,
          shop_statue, shop_fountains, shop
D:9:      layout_cave_pools, serial_gnoll_camp, grums_kennel,
          gnoll_camp_medium_02, gnoll_camp_mini_basic, gnoll_camp_mini_house

Skill      XL: |  1  2  3  4  5  6  7  8  9 10 |
---------------+-------------------------------+-----
Spellcasting   | 3 4 5 7 8 10 | 10.0
Fighting       | 4 5 6 8 9 |  9.4
Short Blades   | |  2.6

Action                   |  1- 3 |  4- 6 |  7- 9 | 10-12 || total
-------------------------+-------+-------+-------+-------++-------
Melee: Short sword       |    19 |       |       |       ||    19
       Whip              |       |     7 |    30 |    18 ||    55
 Cast: Scorch            |    41 |    55 |    71 |    69 ||   236
       Poisonous Vapours |       |    72 |    60 |    38 ||   170
       Static Discharge  |       |       |    30 |    35 ||    65
  Use: Scroll            |       |       |     5 |    14 ||    19
Armor: Robe              |     2 |     3 |    16 |     9 ||    30
Dodge: Dodged            |    17 |    25 |    42 |    56 ||   140
Block: Other             |     6 |    11 |    22 |    28 ||    67
       Reflection        |     1 |       |       |     7 ||     8

Table legend: (Time is in decaauts)
 A = Elapsed time spent in this place.
 B = Non-inter-level travel time spent in this place.
 C = Inter-level travel time spent in this place.
 D = Time resting spent in this place.
 E = Time spent auto-exploring this place.
 F = Levels seen in this place.
 G = Mean time per level.
                   A        B        C        D        E       F      G
               +--------+--------+--------+--------+--------+-----+--------+
         Total |  14227 |  13953 |    274 |   2208 |  10232 |   9 | 1580.8 |
       Dungeon |  14227 |  13953 |    274 |   2208 |  10232 |   9 | 1580.8 |
               +--------+--------+--------+--------+--------+-----+--------+

Top non-repeatable levels by time:
     D:8: 2143 daAuts
     D:4: 2014 daAuts
     D:1: 1866 daAuts
     D:5: 1742 daAuts
     D:2: 1725 daAuts
     D:6: 1679 daAuts
     D:3: 1269 daAuts
     D:7: 1002 daAuts
     D:9: 783 daAuts
